 Dungeon Crawl Stone Soup version 0.23.2-40-g277498a001 (webtiles) character file.

Game seed: 6973419906078384391

43 Htamos the Skirmisher (level 3, 0/30 HPs)
             Began as a Formicid Abyssal Knight on Aug 25, 2019.
             Was a Follower of Lugonu.
             Slain by an adder (3 damage)
             ... on level 2 of the Dungeon.
             The game lasted 00:06:01 (1792 turns).

Htamos the Skirmisher (Formicid Abyssal Knight)     Turns: 1792, Time: 00:06:02

Health: 0/30       AC:  3    Str: 17    XL:     3   Next: 82%
Magic:  5/5        EV: 11    Int: 11    God:    Lugonu [*.....]
Gold:   34         SH:  0    Dex: 10    Spells: 1/2 levels left

rFire    . . .     SeeInvis +   a - +1 hand axe
rCold    . . .     Gourm    .   (no shield)
rNeg     . . .     Faith    .   b - +0 leather armour
rPois    .         Spirit   .   (helmet unavailable)
rElec    .         Reflect  .   (no cloak)
rCorr    .         Harm     .   (no gloves)
MR       .....                  (no boots)
Stlth    +.........             (no amulet)
HPRegen  0.10/turn              (no ring)
MPRegen  0.09/turn              (no ring)

@: lethally poisoned (0 -> -9), flying
A: permanent stasis, dig shafts and tunnels, four strong arms, antennae 3
a: Dig, Shaft Self, Depart the Abyss, Renounce Religion


You were on level 2 of the Dungeon.
You worshipped Lugonu.
Lugonu was aware of your devotion.
You were hungry.

You visited 1 branch of the dungeon, and saw 4 of its levels.
You visited the Abyss 1 time.

You collected 34 gold pieces.

Inventory:

Hand Weapons
 a - a +1 hand axe (weapon)
 k - a +2 flail of venom
Armour
 b - a +0 leather armour (worn)
 d - a +0 chain mail
 g - a +0 leather armour
Scrolls
 e - a scroll of amnesia {unknown}
 h - 4 scrolls of identify {unknown}
 j - a scroll of teleportation
 m - a scroll of remove curse
Potions
 i - a potion of curing {unknown}
 l - a potion of degeneration {unknown}
Comestibles
 c - 3 rations


   Skills:
 + Level 3.7 Fighting
 + Level 2.5 Axes
 + Level 2.7 Armour
 - Level 1.0 Dodging
 + Level 0.6 Hexes
 + Level 2.8 Invocations


You had one spell level left.
You knew the following spells:

 Your Spells              Type           Power        Failure   Level  Hunger
a - Confusing Touch       Hex            #.....       32%         1    ##.....

Your spell library contained the following spells:

 Spells                   Type           Power        Failure   Level  Hunger
 Confuse                  Hex            #.......     69%         3    ####...
 Gell's Gravitas          Tloc           #.........   77%         3    ####...
 Petrify                  Tmut/Erth      #.......     99%         4    #####..
 Metabolic Englaciation   Hex/Ice        #.........   100%        5    ######.
 Yara's Violent Unravell  Hex/Tmut       #.........   100%        5    ######.


Dungeon Overview and Level Annotations

Branches:
Dungeon (4/15)             Temple (0/1) D:4

Altars:
Nemelex Xobeh
Qazlal
Trog


Innate Abilities, Weirdness & Mutations

You cannot be hasted, slowed, berserked, paralysed or teleported.
You can dig through walls and to a lower floor.
Your four strong arms can wield two-handed weapons with a shield.
You have a pair of large antennae on your head. (SInv)


Message History

The adder bites you.
* * * LOW HITPOINT WARNING * * *
You are more poisoned.
The adder poisons you! The adder barely misses you.
You miss the adder.
The adder is severely wounded.
You feel sick. The adder bites you.
* * * LOW HITPOINT WARNING * * *
You hit the adder but do no damage.
The adder is heavily wounded.
You feel sick. The adder bites you.
* * * LOW HITPOINT WARNING * * *
You are more poisoned.
The adder poisons you! The adder bites you but does no damage.
It was a potion of flight.
You feel very buoyant.
You fly up into the air.
* * * LOW HITPOINT WARNING * * *
You feel sick. The adder bites you.
You die...

.. #.##.# ##..###.# ##
#..#.####..####.##
#................ .###
##..######...>...
.....###..######.......
#.................##
#######
####.#..#########...
....<.. ##.##.# ###.
####### #@.##.## .
#S###..# ..# ##.# #.##
#.# ######.# .. #.# .
.......# #.#
#.########... ..######
#. #............ ..#
####. ##....###...# ..#
#.. #..#......#.#


You could see an adder.

Vanquished Creatures
  2 oozes
  A dart slug (D:1)
  A leopard gecko (D:4)
  2 orcs (D:3)
  3 giant cockroaches
  2 goblins
  4 hobgoblins
  3 jackals (D:3)
  A ball python (D:3)
  2 bats
  2 frilled lizards (D:2)
  2 kobolds (D:2)
  2 rats
27 creatures vanquished.

Notes
Turn   | Place    | Note
-------+----------+-------------------------------------------
     0 | Abyss:1  | Htamos the Formicid Abyssal Knight began the quest for the
                  | Orb.
     0 | Abyss:1  | Reached XP level 1. HP: 18/18 MP: 2/2
     6 | Abyss:1  | Found a corrupted altar of Lugonu.
    32 | Abyss:2  | Noticed a small abomination
    52 | D:1      | Escaped the Abyss
    93 | D:1      | Reached skill level 1 in Dodging
   184 | D:2      | Reached * piety under Lugonu
   463 | D:2      | Reached XP level 2. HP: 21/24 MP: 3/3
   843 | D:2      | Found a stormy altar of Qazlal.
   907 | D:2      | Found a bloodstained altar of Trog.
   908 | D:2      | Found a sparkling altar of Nemelex Xobeh.
   935 | D:2      | You fall through a shaft for 2 floors!
   942 | D:4      | Found a staircase to the Ecumenical Temple.
  1018 | D:4      | Reached XP level 3. HP: 26/29 MP: 4/4
  1062 | D:4      | Learned a level 1 spell: Confusing Touch
  1238 | D:4      | Noticed an orc warrior
  1792 | D:2      | Slain by an adder

Skill      XL: |  1 |
---------------+----+-----
Dodging        | 1 |  1.0
Fighting       | |  3.7
Axes           | |  2.5
Armour         | |  2.7
Hexes          | |  0.6
Invocations    | |  2.8

Action                   || total
-------------------------++-------
Melee: Hand axe          ||    85
 Cast: Confusing Touch   ||     2
Invok: Depart the Abyss  ||     1
  Use: Scroll            ||     2
       Potion            ||     1
 Stab: Confused          ||     1
  Eat: Chunk             ||     2
Armor: Leather armour    ||    15
Dodge: Dodged            ||    59
